 Dungeon Crawl Stone Soup version 0.20-a0-820-g557356e (webtiles) character file.

19901 trey113 the Fencer (level 12, -9/112 HPs)
             Began as a Minotaur Berserker on Mar 4, 2017.
             Was a High Priest of Trog.
             Mangled by a red draconian
             ... wielding a +2 halberd of flaming
              (12 damage)
             ... in a volcano on Mar 5, 2017.
             The game lasted 00:55:41 (13711 turns).

trey113 the Fencer (Minotaur Berserker)            Turns: 13711, Time: 00:55:42

Health: -9/112     AC:  6    Str: 27    XL:     12   Next: 40%
Magic:  11/11      EV: 22    Int:  8    God:    Trog [*****.]
Gold:   1179       SH:  0    Dex: 25    Spells: 11/11 levels left

rFire    . . .     SeeInvis .   w - +5 falchion of Revolt {venom, rC- rN+ Dex+5}
rCold    x . .     Gourm    .   (no armour)
rNeg     + + .     Faith    +   (no shield)
rPois    +         Spirit   .   (helmet restricted)
rElec    .         Reflect  .   a - scarf of the Loofah {Int+4}
rCorr    .         Harm     .   b - +1 pair of gloves "Uwkamakhlux" {rN+ Dex+5 Stlth-}
MR       .....                  c - +2 pair of boots
Stlth    +.........             k - amulet of faith
Regen    0.3/turn               u - +5 ring of dexterity
MPRegen  0.2/turn               p - ring of poison resistance

@: flying
A: retaliatory headbutt, horns 2
a: Berserk, Trog's Hand, Brothers in Arms, Burn Spellbooks, Renounce Religion


You were in a volcano.
You worshipped Trog.
Trog was extremely pleased with you.
You were not hungry.

You visited 4 branches of the dungeon, and saw 18 of its levels.
You also visited: Ossuary and Volcano.

You collected 1179 gold pieces.

Inventory:

Hand Weapons
 f - a +1 great sword of holy wrath
 j - a +0 battleaxe of chopping
 w - the +5 falchion of Revolt (weapon) {venom, rC- rN+ Dex+5}
   (You found it on level 6 of the Dungeon)

   It poisons the flesh of those it strikes.
   It affects your dexterity (+5).
   It makes you vulnerable to cold.
   It protects you from negative energy.
 R - a +0 war axe
Armour
 a - the scarf of the Loofah (worn) {Int+4}
   (You acquired it on level 9 of the Dungeon)

   It affects your intelligence (+4).
 b - the +1 pair of gloves "Uwkamakhlux" (worn) {rN+ Dex+5 Stlth-}
   (You acquired it on level 9 of the Dungeon)

   It affects your dexterity (+5).
   It protects you from negative energy.
   It makes you less stealthy.
 c - a +2 pair of boots (worn)
 L - a +2 ring mail of magic resistance
 O - a +3 ring mail
 P - a +2 chain mail of fire resistance
 Q - +0 fire dragon scales
Jewellery
 d - an uncursed ring of teleportation
 g - an uncursed ring of stealth
 k - an amulet of faith (around neck)
 p - a ring of poison resistance (left hand)
 r - an uncursed amulet of regeneration
 u - a +5 ring of dexterity (right hand)
 B - an uncursed ring of protection from fire
 S - an uncursed ring of flight
Wands
 m - a wand of polymorph (19/24)
 o - a wand of lightning (12/15)
 x - a wand of scattershot (2/9)
 z - a wand of iceblast (6/15)
 G - a wand of flame (48/48)
Scrolls
 l - 4 scrolls of teleportation
 q - 5 scrolls of remove curse
 t - a scroll of identify
 v - 2 scrolls of enchant weapon
 y - 2 scrolls of magic mapping
 C - 2 scrolls of blinking
 I - 3 scrolls of summoning
 N - 2 scrolls of recharging
Potions
 e - 3 potions of brilliance
 h - 4 potions of haste
 s - 6 potions of heal wounds
 A - 2 potions of magic
 E - 7 potions of curing
 H - a potion of resistance
 J - a potion of flight
 K - 4 potions of berserk rage
 M - a potion of might
Comestibles
 i - 5 royal jellies
 n - 6 bread rations
 D - 17 fruits
 F - 4 meat rations


   Skills:
 + Level 12.2 Fighting
 + Level 15.3 Long Blades
 + Level 11.3 Armour
 + Level 9.4 Dodging
 + Level 1.5 Unarmed Combat


You had 11 spell levels left.
You didn't know any spells.

Dungeon Overview and Level Annotations

Branches:
Dungeon (11/15)            Temple (1/1) D:5            Lair (5/6) D:9
  Swamp (1/4) Lair:4       Spider (0/4) Lair:2        Slime (0/5) Lair:5
    Orc: D:9-12

Altars:
Ashenzari
Cheibriados
Dithmenos
Elyvilon
Fedhas
Gozag
Hepliaklqana
Kikubaaqudgha
Makhleb
Nemelex Xobeh
Okawaru
Qazlal
Ru
Sif Muna
Trog
Uskayaw
Vehumet
Wu Jian
Xom
Yredelemnul
Zin
The Shining One
Jiyva

Shops:
D:9 }

Annotations:
Lair:2 exclusion: oklob plant


Innate Abilities, Weirdness & Mutations

You reflexively headbutt those who attack you in melee.
You have a pair of horns on your head.


Message History

The searing blast hits you!
The salamander shoots an arrow.
The arrow hits you. The arrow burns you. The salamander barely misses you.
You finish taking off your +2 ring mail of magic resistance.
You feel less resistant to hostile enchantments.
Wear which item (? for menu, Esc to quit)
Keep equipping yourself?
The red draconian hits you from afar with a halberd of flaming!
The red draconian burns you.
The salamander shoots an arrow.
The arrow misses you. The salamander misses you.
You start putting on your armour.
You continue putting on your fire dragon scales.
The red draconian hits you from afar with a halberd of flaming!!
* * * LOW HITPOINT WARNING * * *
The red draconian burns you!
* * * LOW HITPOINT WARNING * * *
The salamander shoots an arrow.
The arrow closely misses you. The salamander barely misses you.
You continue putting on your fire dragon scales.
The red draconian hits you from afar with a halberd of flaming!
You die...

§§§§#######
§###!$!$!#
#.#.$.!.#
.'.[.[.+ ##
'.._..+ ≈≈#..
#.....#
≈≈#..d#######
§§#.NN'@..$(+
≈≈#..N#..§..#
≈≈#.. #8≈≈≈8#
## +..≈..+
+..)..+ ≈#
#8...8# #≈
≈≈###.....###≈§
≈≈≈§≈.....≈≈§≈≈
≈≈≈§≈8...8≈§≈§#


You could see a red draconian and 3 salamanders.

Vanquished Creatures
  Harold (Lair:2)
  2 hydras
  2 two-headed ogres
  A salamander mystic (Volcano)
  3 black mambas
  Joseph (D:7)
  6 spiny frogs
  A gargoyle (D:7)
  4 komodo dragons
  A hornet (Lair:3)
  A troll (D:8)
  Grinder (D:5)
  A slime creature (Lair:4)
  6 blink frogs
  4 hippogriffs
  4 yaks (Lair:5)
  A wraith (D:11)
  3 wyverns
  Sigmund (D:2)
  Eustachio (D:5)
  2 basilisks
  7 water moccasins
  9 porcupines
  A swamp drake (Lair:4)
  An ice beast (D:8)
  An orc warrior (D:11)
  3 sky beasts
  2 black bears
  6 ogres
  The ghost of Foxy the Chopper, an amateur HOFi (D:3)
  2 phantoms
  5 wolves (Lair:4)
  A centaur (D:7)
  6 crocodiles
  16 bullfrogs
  A wyvern skeleton (D:7)
  2 water moccasin skeletons (D:8)
  3 scorpions
  4 crimson imps
  9 howler monkeys
  A quasit (D:5)
  2 bullfrog zombies
  4 orc priests
  A hound (D:7)
  A jelly (D:11)
  2 centaur skeletons
  11 iguanas
  2 orc wizards
  4 worker ants
  A killer bee zombie (D:6)
  2 hound skeletons
  8 mummies (Ossuary)
  3 gnolls (D:9)
  A howler monkey skeleton (D:8)
  14 adders
  2 shadow imps
  3 oozes
  An adder zombie (D:5)
  5 worms
  5 dart slugs
  3 leopard geckos
  31 orcs
  7 bats
  5 giant cockroaches
  8 goblins
  3 hobgoblins
  9 jackals
  5 quokkas
  5 frilled lizards
  A giant cockroach zombie (D:5)
  3 hobgoblin zombies (Ossuary)
  A jackal skeleton (D:7)
  7 kobolds
  A kobold zombie (Ossuary)
  4 orc zombies (Ossuary)
  A quokka skeleton (D:4)
  5 rats
299 creatures vanquished.

Vanquished Creatures (others)
  2 fungi
2 creatures vanquished.

Grand Total: 301 creatures vanquished

Notes
Turn   | Place    | Note
-------+----------+-------------------------------------------
     0 | D:1      | trey113 the Minotaur Berserker began the quest for the Orb.
     0 | D:1      | Reached XP level 1. HP: 19/19 MP: 0/0
   196 | D:1      | Reached skill level 4 in Long Blades
   285 | D:1      | Reached XP level 2. HP: 27/27 MP: 1/1
   952 | D:2      | Reached ** piety under Trog
   952 | D:2      | Reached XP level 3. HP: 32/33 MP: 2/2
  1422 | D:2      | Noticed Sigmund
  1439 | D:2      | Killed Sigmund
  1439 | D:2      | Reached skill level 5 in Long Blades
  1439 | D:2      | Reached XP level 4. HP: 14/41 MP: 3/3
  1439 | D:2      | Reached XP level 5. HP: 16/47 MP: 4/4
  1814 | D:2      | Found a sparkling altar of Nemelex Xobeh.
  1880 | D:3      | Noticed Foxy's ghost (amateur HOFi)
  1904 | D:3      | Killed Foxy's ghost
  1904 | D:3      | Reached skill level 6 in Long Blades
  1904 | D:3      | Reached XP level 6. HP: 44/55 MP: 5/5
  1923 | D:3      | Reached skill level 5 in Fighting
  2177 | D:3      | Found a shimmering altar of Xom.
  2385 | D:3      | Reached *** piety under Trog
  2670 | D:3      | Found a stormy altar of Qazlal.
  2671 | D:3      | Found a white marble altar of Elyvilon.
  2709 | D:4      | Found an opulent altar of Gozag.
  2749 | D:4      | Reached XP level 7. HP: 39/61 MP: 6/6
  2943 | D:4      | Reached skill level 7 in Long Blades
  2969 | D:4      | Found a blossoming altar of Fedhas.
  3120 | D:4      | Reached skill level 5 in Armour
  3258 | D:4      | Reached **** piety under Trog
  3513 | D:5      | Entered Level 5 of the Dungeon
  3538 | D:5      | Found an iron altar of Okawaru.
  3591 | D:5      | Found a staircase to the Ecumenical Temple.
  3602 | D:5      | Reached skill level 8 in Long Blades
  3685 | D:5      | Reached XP level 8. HP: 53/70 MP: 7/7
  3748 | D:5      | Found a sand-covered staircase.
  3755 | Ossuary  | Entered an ossuary
  4221 | D:5      | Noticed Eustachio
  4238 | D:5      | Killed Eustachio
  4238 | D:5      | Reached skill level 5 in Dodging
  4534 | D:5      | Reached skill level 9 in Long Blades
  4586 | D:5      | Noticed Grinder
  4596 | D:5      | Killed Grinder
  4636 | D:5      | Found a deep blue altar of Sif Muna.
  4895 | Temple   | Entered the Ecumenical Temple
  5053 | D:6      | Found an ancient bone altar of Kikubaaqudgha.
  5099 | D:6      | Reached ***** piety under Trog
  5337 | D:6      | Found a shattered altar of Ashenzari.
  5355 | D:6      | Received a gift from Trog
  5568 | D:6      | Reached skill level 10 in Long Blades
  5568 | D:6      | Reached XP level 9. HP: 78/79 MP: 8/8
  5610 | D:6      | Got a brightly glowing falchion
  5611 | D:6      | Identified the +5 falchion of Revolt {venom, rC- rN+ Dex+5} (You found it on level 6 of the Dungeon)
  6033 | D:7      | Noticed a gargoyle
  6039 | D:7      | Killed a gargoyle
  6083 | D:7      | Reached skill level 11 in Long Blades
  6188 | D:7      | Noticed Joseph
  6194 | D:7      | Killed Joseph
  6425 | D:7      | Found a shadowy altar of Dithmenos.
  6775 | D:8      | Reached skill level 12 in Long Blades
  6797 | D:8      | Noticed a troll
  6803 | D:8      | Killed a troll
  6803 | D:8      | Reached XP level 10. HP: 90/90 MP: 9/9
  6875 | D:8      | Found a snail-covered altar of Cheibriados.
  6915 | D:8      | Noticed a two-headed ogre
  6924 | D:8      | Killed a two-headed ogre
  7597 | D:9      | You fall through a shaft for 2 floors!
  7674 | D:11     | Reached skill level 13 in Long Blades
  7917 | D:10     | Entered Level 10 of the Dungeon
  8060 | D:9      | Identified 2 scrolls of acquirement
  8151 | D:9      | Got a jewelled scarf
  8157 | D:9      | Identified the scarf of the Loofah {Int+4} (You acquired it on level 9 of the Dungeon)
  8158 | D:9      | Got a pair of polished gloves
  8169 | D:9      | Identified the +1 pair of gloves "Uwkamakhlux" {rN+ Dex+5 Stlth-} (You acquired it on level 9 of the Dungeon)
  8263 | D:9      | Noticed a two-headed ogre
  8273 | D:9      | Killed a two-headed ogre
  8445 | D:9      | Found a staircase to the Lair.
  8470 | D:9      | Found Sihikaes's Gadget Shop.
  8509 | D:9      | Found a hazy altar of Hepliaklqana.
  9030 | Lair:1   | Entered Level 1 of the Lair of Beasts
  9175 | Lair:1   | Noticed a spiny frog
  9183 | Lair:1   | Killed a spiny frog
  9183 | Lair:1   | Reached XP level 11. HP: 85/99 MP: 10/10
  9899 | Lair:2   | Noticed an oklob plant
  9952 | Lair:2   | Reached skill level 14 in Long Blades
 10111 | Lair:2   | Noticed Harold
 10137 | Lair:2   | Killed Harold
 10137 | Lair:2   | Received a gift from Trog
 10137 | Lair:2   | Reached skill level 10 in Fighting
 10452 | Lair:2   | Reached skill level 10 in Armour
 10511 | Lair:2   | Found a hole to the Spider Nest.
 10512 | Lair:2   | Noticed an orb spider
 11818 | Lair:4   | Noticed a five-headed hydra
 11840 | Lair:3   | Killed a nine-headed hydra
 12287 | Lair:4   | Noticed a five-headed hydra
 12576 | Lair:4   | Killed a five-headed hydra
 12906 | Lair:4   | Reached skill level 15 in Long Blades
 12916 | Lair:4   | Found a staircase to the Swamp.
 12919 | Lair:4   | Reached XP level 12. HP: 110/110 MP: 11/11
 13192 | Swamp:1  | Entered Level 1 of the Swamp
 13201 | Lair:4   | Received a gift from Trog
 13234 | Lair:5   | Reached skill level 1 in Unarmed Combat
 13311 | Lair:5   | Found a staircase to the Slime Pits.
 13311 | Lair:5   | Found a viscous altar of Jiyva.
 13657 | Lair:5   | Found a dark tunnel.
 13669 | Volcano  | Entered a volcano
 13689 | Volcano  | Found a bloodstained altar of Trog.
 13695 | Volcano  | Noticed a red draconian
 13710 | Volcano  | HP: 2/112 [red draconian/halberd of flaming (11)]
 13711 | Volcano  | Mangled by a red draconian

Vault maps used:
D:1:      dpeg_arrival_simpleton_b
D:2:      lemuel_round_altar, grunt_decor_one_mirror, solitary_fountain,
          kennysheep_boxes, uniq_sigmund
D:3:      led_xom_imps, gammafunk_temple_overflow_pools, first_bread
D:4:      fedhas_altar_2, lemuel_round_altar, minmay_mini_jars
D:5:      okawaru_gym_becter, lemuel_round_altar, temple_fountains,
          nicolae_ossuary_entry_plus, uniq_eustachio, uniq_grinder
D:6:      lemuel_doored_altar, kiku_gazebo_garden_becter,
          serial_co_window_serial, co_window_corner_a, co_window_paths_b,
          co_window_paths_b, co_window_corner_a, co_window_paths_a,
          co_window_paths_a, co_window_corner_a, co_window_unsneaky_path_a,
          co_window_2corner, co_window_cross_4, co_window_paths_e,
          glass_columns_a, glass_columns_b
D:7:      marbit_many_paths, uniq_joseph
D:8:      slow_altar_1
D:9:      lemuel_round_altar, lair_entry_dummy, serial_shops, shop_fountains,
          kennysheep_potato
Temple:   jpeg_temple_island
Lair:1:   grunt_megastairs_5
Lair:2:   nicolae_spider_entry_orb_guardian, grunt_megastairs_3, uniq_harold
Lair:4:   minmay_swamp_entry_reptiles, lookout_lair_type, minmay_holes
Lair:5:   beast_lair_carwin_large_3, slime_altar_1,
          lightli_volcano_entry_magma_tube, lemuel_fruit_tree
Swamp:1:  infiniplex_staircase_pool_2
Ossuary:  ossuary_tomb_3
Volcano:  kennysheep_volcano_temple

Skill      XL: |  1  2  3  4  5  6  7  8  9 10 11 12 |
---------------+-------------------------------------+-----
Long Blades    | 4 5 6 8 10 12 13 15 | 15.3
Fighting       | 4 5 7 8 9 11 12 | 12.2
Armour         | 3 4 5 6 7 9 10 11 | 11.3
Dodging        | 3 4 5 6 7 8 9 |  9.4
Unarmed Combat | 1 |  1.5

Action                   |  1- 3 |  4- 6 |  7- 9 | 10-12 || total
-------------------------+-------+-------+-------+-------++-------
Melee: Falchion          |    64 |    75 |   308 |   345 ||   792
       Headbutt          |    14 |    19 |    93 |   165 ||   291
       Great sword       |       |       |     7 |     2 ||     9
       Unarmed           |       |       |       |    10 ||    10
Invok: Berserk           |       |     1 |       |       ||     1
       Burn Spellbooks   |       |       |       |     2 ||     2
  Use: Scroll            |     2 |     2 |     8 |    11 ||    23
       Potion            |       |       |     8 |     3 ||    11
 Stab: Sleeping          |     2 |       |     3 |       ||     5
  Eat: Bread ration      |     1 |       |     3 |     5 ||     9
       Meat ration       |       |     1 |       |       ||     1
Armor: Animal skin       |     3 |       |       |       ||     3
       Ring mail         |    10 |    15 |    98 |    84 ||   207
Dodge: Dodged            |    32 |    49 |   177 |   260 ||   518
       Rpst.: Falchion   |     8 |    13 |    45 |    62 ||   128
       Great sword       |       |       |     3 |     1 ||     4
